 Dungeon Crawl Stone Soup version 0.26-b1-32-g5d43845318 (webtiles) character file.

Game seed: 400159952858357901

64 theswoord the Firebug (level 4, -2/36 HPs)
             Began as a Naga Fire Elementalist on Jan 10, 2021.
             Killed from afar by Sigmund (9 damage)
             ... with a puff of flame
             ... on level 3 of the Dungeon.
             The game lasted 00:07:33 (2273 turns).

theswoord the Firebug (Naga Fire Elementalist)      Turns: 2273, Time: 00:07:34

Health: -2/36      AC:  4    Str:  9 (10) XL:     4   Next: 12%
Magic:  1/7        EV: 10    Int: 13 (16) God:
Gold:   121        SH:  0    Dex: 10 (12) Spells: 6/7 levels left

rFire    . . .     SeeInvis +   j - +3 whip (elec)
rCold    . . .     Faith    .   (no shield)
rNeg     . . .     Spirit   .   a - +0 robe
rPois    +         Reflect  .   (no helmet)
rElec    .         Harm     .   (no cloak)
rCorr    .         Rampage  .   e - +1 pair of gloves
Will     .....                  (no barding)
Stlth    ++........             (no amulet)
HPRegen  0.12/turn              (no ring)
MPRegen  0.10/turn              (no ring)

@: very slow
A: large, see invisible, deformed body, poison resistance, slowness 2, spit
poison 1, AC +1
a: Spit Poison


You were on level 3 of the Dungeon.
You visited 1 branch of the dungeon, and saw 3 of its levels.

You collected 121 gold pieces.

Inventory:

Hand Weapons
 g - a +0 short sword
 j - a +3 whip of electrocution (weapon)
Armour
 a - a +0 robe (worn)
 e - a +1 pair of gloves (worn)
 f - a +0 pair of gloves
Magical Staves
 l - an uncursed staff of death
Scrolls
 c - 3 scrolls of teleportation
 i - a scroll of identify


   Skills:
 - Level 1.5 Dodging
 - Level 3.0 Stealth
 - Level 2.0 Spellcasting
 + Level 2.7 Conjurations
 + Level 4.0 Fire Magic


You had 6 spell levels left.
You knew the following spells:

 Your Spells              Type           Power        Failure   Level
a - Foxfire               Conj/Fire      40%          6%          1

Your spell library contained the following spells:

 Spells                   Type           Power        Failure   Level
 Conjure Flame            Conj/Fire      10%          19%         3
 Inner Flame              Hex/Fire       6%           32%         3
 Sticky Flame             Conj/Fire      10%          54%         4
 Fireball                 Conj/Fire      5%           87%         5


Dungeon Overview and Level Annotations

Branches:
Dungeon (3/15)

Altars:

Annotations:
D:3 Sigmund


Innate Abilities, Weirdness & Mutations

You cannot wear boots.
Your serpentine skin is tough. (AC +1)
You have supernaturally acute eyesight. (SInv)
Armour fits poorly on your strangely shaped body.
Your system is resistant to poisons. (rPois)
You cover ground very slowly.
You can spit poison.


Message History

You feel weakened.
You feel dopey.
You feel clumsy.
Casting: Foxfire (safe; 6% risk of failure)
Press: ? - help, Q - select action, (/) - cycle Dir - look around, f - activate You conjure some foxfire!
You have got your breath back.
Sigmund barely misses you.
Press: ? - help, Shift-Dir - straight line, f - Sigmund
Aim: Sigmund, wielding a +0 scythe of protection and wearing a +0 robe (severely wounded, slightly transparent, poisoned)
The splash of poison misses Sigmund.
The foxfire hits Sigmund.
Sigmund is severely wounded.
The foxfire hits Sigmund but does no damage.
Sigmund is severely wounded.
Sigmund hits you but does no damage.
Sigmund looks more healthy.
You can't do that yet.
Unknown command.
You have got your breath back.
Sigmund casts a spell at you. The puff of flame hits you!
You die...

#.......#####
#..#.†....... #.....#..#
##.#....(.# #.........# .
#.........#
...############.#######.#
....................# #.#
.$.########..@..@...# #.#
. #.........# #.#
########### #.# #.# #.#
######### #.# #.......#
#.# #.#####.## #.#
#.#.....<# #.#


You could see Sigmund (invisible).

Vanquished Creatures
  2 adders (D:2)
  An ooze (D:1)
  A worm (D:2)
  A leopard gecko (D:1)
  3 giant cockroaches (D:1)
  5 hobgoblins
  4 bats
  3 frilled lizards
  4 goblins
  4 kobolds
  12 rats
40 creatures vanquished.

Vanquished Creatures (others)
  36 foxfires
36 creatures vanquished.

Grand Total: 76 creatures vanquished

Notes
Turn   | Place    | Note
-------+----------+-------------------------------------------
     0 | D:1      | theswoord the Naga Fire Elementalist began the quest for
                  | the Orb.
     0 | D:1      | Reached XP level 1. HP: 15/15 MP: 3/3
   539 | D:1      | Reached XP level 2. HP: 22/22 MP: 5/5
  1028 | D:1      | Reached XP level 3. HP: 28/28 MP: 6/6
  2025 | D:2      | Reached skill level 4 in Fire Magic
  2025 | D:2      | Reached XP level 4. HP: 29/36 MP: 7/7
  2245 | D:3      | Noticed Sigmund
  2273 | D:3      | Killed from afar by Sigmund

Skill      XL: |  1  2  3 |
---------------+----------+-----
Conjurations   | 2 |  2.7
Fire Magic     | 4 |  4.0
Dodging        | |  1.5
Stealth        | |  3.0
Spellcasting   | |  2.0

Action                   |  1- 3 |  4- 6 || total
-------------------------+-------+-------++-------
Melee: Unarmed           |    21 |       ||    21
       Short sword       |    20 |       ||    20
       Whip              |    12 |     2 ||    14
 Cast: Foxfire           |    11 |    10 ||    21
 Abil: Spit Poison       |    15 |     4 ||    19
  Use: Scroll            |     7 |       ||     7
       Potion            |     1 |     2 ||     3
 Stab: Sleeping          |     5 |     1 ||     6
       Invisible         |     1 |       ||     1
Armor: Robe              |     7 |     1 ||     8
Dodge: Dodged            |    23 |     5 ||    28

Levels and vault maps discovered:
D:1:      lemuel_arrival_muddy, layout_basic, minmay_rat_gold_closets
D:2:      layout_loops_ring, minmay_crystal_water
D:3:      layout_basic, vehumet_crystals, portal_sewer_entry_d,
          uniq_crazy_yiuf_cottage, uniq_sigmund
